Condors vs Devils
Created - January 16, 2024 at 19:35
Goals
|
| Condors |
1 |
0 |
4 |
5 |
| Devils |
0 |
0 |
2 |
2 |
|
Shots
|
| Condors |
15 |
12 |
11 |
38 |
| Devils |
12 |
6 |
15 |
33 |
|
1st period
1. Condors , Jason Robertson 13 (Phil McRae 20, Kailer Yamamoto 16) at 5:45
Penalties :
Phil McRae (Bak) for Elbowing (Minor) at 10:19, Ilya Lyubushkin (Bin) for Interference (Minor) at 10:32, Adam Erne (Bak) for Hooking (Minor) at 19:19
2nd period
No Goal
Penalties :
Cole Fonstad (Bak) for Holding (Minor) at 4:18, Nick Shore (Bak) for Hooking (Minor) at 14:16
3rd period
2. Condors , Patrik Laine 14 (Nick Shore 37, Adam Erne 21) at 9:48
3. Condors , Nick Shore 16 (Adam Erne 22) at 9:58
4. Devils , Brett Seney 17 (Joonas Donskoi 22) at 12:44
5. Condors , Adam Erne 28 (Nick Shore 38) at 16:01 (SH)
6. Condors , Adam Erne 29 (Nick Shore 39, Alexandre Carrier 22) at 18:26
7. Devils , Eeli Tolvanen 5 (Brett Howden 10, Darren Dietz 28) at 19:25
Penalties :
Phil McRae (Bak) for Slashing (Minor) at 4:26, Zac Leslie (Bak) for Hooking (Minor) at 15:33
Goalie Stats
Garret Sparks (Bak), 31 saves from 33 shots - (0.939), W, 15-13-0, 60:00 minutes
Juuse Saros (Bin), 33 saves from 38 shots - (0.868), L, 10-10-4, 60:00 minutes
Players Stats for Condors
Player Name G A P +/- PIM S H SB GA TA FO MP PP MP PK MP
------------------------------------------------------------------------------------
Adam Erne 2 2 4 3 2 3 0 0 0 0 4/10 20:35 0:13 4:36
Alexander Alexeyev 0 0 0 1 0 0 1 0 0 0 0/0 4:19 0:00 0:00
Alexandre Carrier 0 1 1 3 0 4 3 4 0 1 0/0 26:59 0:13 6:30
Brett Lernout 0 0 0 0 0 1 0 2 2 1 0/0 21:15 0:00 6:30
Cole Fonstad 0 0 0 -1 2 0 0 0 0 0 0/0 9:04 0:00 0:00
Connor Hurley 0 0 0 0 0 2 1 0 0 0 0/1 11:38 0:00 0:58
Gustav Olofsson 0 0 0 0 0 0 1 3 0 0 0/0 14:05 0:00 3:38
Jason Robertson 1 0 1 1 0 3 1 1 0 0 0/1 16:54 0:00 3:02
Kailer Yamamoto 0 1 1 1 0 3 0 1 2 0 0/0 13:21 0:00 0:00
Kiefer Sherwood 0 0 0 0 0 1 0 0 0 1 0/0 9:54 0:00 0:00
Nick Shore 1 3 4 3 2 5 3 2 2 0 12/29 20:56 0:00 5:00
Nikolai Knyzhov 0 0 0 0 0 0 0 0 0 0 0/0 10:21 0:00 0:00
Patrik Laine 1 0 1 2 0 4 0 0 1 1 0/1 15:20 0:00 0:00
Phil McRae 0 1 1 1 4 3 2 2 0 0 9/13 15:04 0:13 1:14
Philippe Myers 0 0 0 -1 0 1 0 1 0 0 0/0 19:08 0:13 3:38
Pontus Holmberg 0 0 0 -1 0 1 0 0 1 0 0/0 8:59 0:00 0:00
Ryan McLeod 0 0 0 -1 0 3 0 0 0 0 4/7 12:57 0:00 3:41
Taro Hirose 0 0 0 0 0 3 2 0 0 1 0/0 13:19 0:13 1:45
Zac Leslie 0 0 0 3 2 1 5 0 2 1 0/0 23:52 0:00 0:00
Players Stats for Devils
Player Name G A P +/- PIM S H SB GA TA FO MP PP MP PK MP
------------------------------------------------------------------------------------
Alan Quine 0 0 0 -1 0 5 0 0 1 1 8/18 17:37 4:33 0:13
Alexandre Texier 0 0 0 0 0 1 0 0 0 0 0/0 10:20 0:00 0:00
Brett Howden 0 1 1 0 0 0 0 0 0 0 1/3 10:20 0:00 0:00
Brett Seney 1 0 1 -2 0 5 0 1 1 1 20/34 21:27 5:35 0:00
Christian Wolanin 0 0 0 0 0 2 0 1 0 2 0/0 20:29 3:44 0:00
Conor Garland 0 0 0 -1 0 0 4 0 0 0 0/0 16:37 4:33 0:00
Cristiano Digiacinto 0 0 0 0 0 0 1 1 0 1 0/0 10:41 0:00 0:07
Darren Dietz 0 1 1 -2 0 2 1 2 1 2 0/0 25:53 6:24 0:13
Eeli Tolvanen 1 0 1 0 0 1 1 1 0 0 0/0 10:20 0:00 0:00
Ilya Lyubushkin 0 0 0 -2 2 2 4 0 0 0 0/0 24:24 6:23 0:00
Jake Bean 0 0 0 0 0 2 1 0 1 1 0/0 20:55 3:44 0:00
Jonny Brodzinski 0 0 0 0 0 2 2 1 0 0 0/0 10:33 0:00 0:00
Joonas Donskoi 0 1 1 -2 0 2 1 3 0 0 1/2 20:30 5:35 0:00
Marcus Bjork 0 0 0 -1 0 3 3 0 0 1 0/0 13:38 0:00 0:00
Mason Marchment 0 0 0 -1 0 0 0 0 1 0 0/0 17:09 4:33 0:06
Reid Boucher 0 0 0 0 0 2 3 0 1 0 3/4 10:48 0:00 0:00
Valeri Nichushkin 0 0 0 -2 0 3 1 0 0 0 0/1 21:27 5:35 0:00
Wyatt Kalynuk 0 0 0 -1 0 1 0 1 0 1 0/0 14:52 0:00 0:13
3 Stars
1 - Adam Erne (Bak)
2 - Nick Shore (Bak)
3 - Alexandre Carrier (Bak)
Power Play
Condors - 0 on 1 Attempt(s) - 0.00%
Devils - 0 on 6 Attempt(s) - 0.00%
Penalty Kill
Condors - 6 on 6 Attempt(s) - 100.00%
- Score 1 goal in Penalty Kill
Devils - 1 on 1 Attempt(s) - 100.00%
- Score 0 goal in Penalty Kill
Team Stat
Condors - Hits : 19 - Faceoff Wins : 29 - Blocked Shots : 16 - Penalty Minutes : 12
Devils - Hits : 22 - Faceoff Wins : 33 - Blocked Shots : 11 - Penalty Minutes : 2
Official
Referees : Francois St. Laurent and Brad Meier
Linesman : Shandor Alphonso and Ryan Galloway
Game Notes
Jason Robertson is injured at 18:04 of 3rd period (Concussion)
Finance
Level 1 -- Attendance: 1953 (97.65%) -- Ticket Income $136,710
Level 2 -- Attendance: 888 (88.80%) -- Ticket Income $35,520
Total Attendance: 2841 (94.70%)
Total Ticket Income: $172,230
Other Income: $8,612
Total Income: $180,842
Condors
5 vs 5 Forward
Center Left Wing Right Wing Time % Phy DF OF
1 Nick Shore Adam Erne Patrik Laine 40 1 2 2
2 Phil McRae Jason Robertson Kailer Yamamoto 30 1 2 2
3 Connor Hurley Taro Hirose Kiefer Sherwood 20 1 2 2
4 Ryan McLeod Cole Fonstad Pontus Holmberg 10 1 2 2
5 vs 5 Defense
Defense Defense Time % Phy DF OF
1 Alexandre Carrier Zac Leslie 40 1 2 2
2 Philippe Myers Brett Lernout 30 1 2 2
3 Nikolai Knyzhov Gustav Olofsson 20 1 2 2
4 Alexander Alexeyev Zac Leslie 10 1 2 2
PowerPlay Forward
Center Left Wing Right Wing Time % Phy DF OF
1 Nick Shore Adam Erne Patrik Laine 60 1 2 2
2 Phil McRae Jason Robertson Kailer Yamamoto 40 1 2 2
PowerPlay Defense
Defense Defense Time % Phy DF OF
1 Alexandre Carrier Brett Lernout 60 1 2 2
2 Philippe Myers Zac Leslie 40 1 2 2
Penalty Kill 4 Players Forward
Center Wing Time % Phy DF OF
1 Adam Erne Nick Shore 60 1 2 2
2 Phil McRae Jason Robertson 40 1 2 2
Penalty Kill 4 Players Defense
Defense Defense Time % Phy DF OF
1 Brett Lernout Alexandre Carrier 60 1 2 2
2 Philippe Myers Gustav Olofsson 40 1 2 2
Penalty Kill - 3 Players Forward
Forward Time % Phy DF OF
1 Adam Erne 60 1 2 2
2 Nick Shore 40 1 2 2
Penalty Kill - 3 Players Defense
Defense Defense Time % Phy DF OF
1 Brett Lernout Alexandre Carrier 60 1 2 2
2 Philippe Myers Gustav Olofsson 40 1 2 2
4 vs 4 Forward
Center Wing Time % Phy DF OF
1 Adam Erne Nick Shore 60 1 2 2
2 Phil McRae Jason Robertson 40 1 2 2
4 vs 4 Defense
Defense Defense Time % Phy DF OF
1 Philippe Myers Alexandre Carrier 60 1 2 2
2 Brett Lernout Zac Leslie 40 1 2 2
Last Minutes Offensive
Center Left Wing Right Wing Defense Defense
Nick Shore Adam Erne Patrik Laine Brett Lernout Zac Leslie
Last Minutes Defensive
Center Left Wing Right Wing Defense Defense
Nick Shore Adam Erne Patrik Laine Brett Lernout Zac Leslie
Goaltenders
Starting : Garret Sparks
Backup : Stuart Skinner
Extra Forwards
Normal : Taro Hirose, Connor Hurley, Jason Robertson - PP : Taro Hirose, Connor Hurley - PK : Ryan McLeod
Extra Defensemen
Normal : Zac Leslie, Alexander Alexeyev, Gustav Olofsson - PP : Brett Lernout - PK : Philippe Myers, Alexander Alexeyev
Penalty Shots
Adam Erne, Nick Shore, Phil McRae, Jason Robertson, Patrik Laine
Custom OT Lines Forwards
Adam Erne, Nick Shore, Phil McRae, Jason Robertson, Patrik Laine, Kailer Yamamoto, Taro Hirose, Connor Hurley, Ryan McLeod, Pontus Holmberg
Custom OT Lines Defensemen
Brett Lernout, Alexandre Carrier, Philippe Myers, Gustav Olofsson, Alexander Alexeyev
Scratches
Cole Cassels (Healthy), Colin White (Healthy), Semyon Der-Arguchintsev (Healthy), Emil Djuse (Healthy), Jeremy Gregoire (Healthy)
Jordan Subban (Healthy), Robin Salo (Healthy), Filip Kral (Healthy), Remi Elie (Healthy), Filip Johansson (Healthy)
Lucas Johansen (Healthy), C.J. Smith (Healthy), Jack Perbix (Healthy), Jaxson Stauber (Healthy)
Devils
5 vs 5 Forward
Center Left Wing Right Wing Time % Phy DF OF
1 Brett Seney Valeri Nichushkin Joonas Donskoi 36 0 2 3
2 Alan Quine Mason Marchment Conor Garland 28 0 2 3
3 Reid Boucher Cristiano Digiacinto Jonny Brodzinski 18 0 2 3
4 Brett Howden Eeli Tolvanen Alexandre Texier 18 0 2 3
5 vs 5 Defense
Defense Defense Time % Phy DF OF
1 Darren Dietz Ilya Lyubushkin 40 1 3 1
2 Christian Wolanin Jake Bean 35 1 3 1
3 Wyatt Kalynuk Marcus Bjork 25 1 3 1
4 Darren Dietz Ilya Lyubushkin 0 1 3 1
PowerPlay Forward
Center Left Wing Right Wing Time % Phy DF OF
1 Brett Seney Valeri Nichushkin Joonas Donskoi 60 0 0 5
2 Alan Quine Mason Marchment Conor Garland 40 0 0 5
PowerPlay Defense
Defense Defense Time % Phy DF OF
1 Darren Dietz Ilya Lyubushkin 60 0 2 3
2 Christian Wolanin Jake Bean 40 0 2 3
Penalty Kill 4 Players Forward
Center Wing Time % Phy DF OF
1 Brett Seney Valeri Nichushkin 60 1 3 1
2 Alan Quine Mason Marchment 40 1 3 1
Penalty Kill 4 Players Defense
Defense Defense Time % Phy DF OF
1 Darren Dietz Ilya Lyubushkin 60 1 4 0
2 Christian Wolanin Jake Bean 40 1 4 0
Penalty Kill - 3 Players Forward
Forward Time % Phy DF OF
1 Brett Seney 60 1 3 1
2 Alan Quine 40 1 3 1
Penalty Kill - 3 Players Defense
Defense Defense Time % Phy DF OF
1 Darren Dietz Ilya Lyubushkin 60 1 4 0
2 Christian Wolanin Jake Bean 40 1 4 0
4 vs 4 Forward
Center Wing Time % Phy DF OF
1 Brett Seney Valeri Nichushkin 60 0 2 3
2 Alan Quine Mason Marchment 40 0 2 3
4 vs 4 Defense
Defense Defense Time % Phy DF OF
1 Darren Dietz Ilya Lyubushkin 60 0 3 2
2 Christian Wolanin Jake Bean 40 0 3 2
Last Minutes Offensive
Center Left Wing Right Wing Defense Defense
Brett Seney Valeri Nichushkin Joonas Donskoi Darren Dietz Ilya Lyubushkin
Last Minutes Defensive
Center Left Wing Right Wing Defense Defense
Brett Seney Valeri Nichushkin Joonas Donskoi Darren Dietz Ilya Lyubushkin
Goaltenders
Starting : Juuse Saros
Backup : Jordan Binnington
Extra Forwards
Normal : Alan Quine, Reid Boucher, Jonny Brodzinski - PP : Alan Quine, Reid Boucher - PK : Alan Quine
Extra Defensemen
Normal : Jake Bean, Wyatt Kalynuk, Marcus Bjork - PP : Jake Bean - PK : Jake Bean, Wyatt Kalynuk
Penalty Shots
Valeri Nichushkin, Joonas Donskoi, Conor Garland, Brett Seney, Alan Quine
Custom OT Lines Forwards
Valeri Nichushkin, Joonas Donskoi, Conor Garland, Brett Seney, Alan Quine, Reid Boucher, Jonny Brodzinski, Mason Marchment, Brett Howden, Alexandre Texier
Custom OT Lines Defensemen
Darren Dietz, Ilya Lyubushkin, Christian Wolanin, Jake Bean, Wyatt Kalynuk
Scratches
Nicolas Roy (Healthy), Filip Roos (Healthy), Vincent Desharnais (Healthy), Tim Gettinger (Healthy), Akira Schmid (Healthy)
% Time on Ice - Condors
Lines # - Real PCT - Wanted PCT - Time Play
Normal Forward
1 - 32% - 40% - 15:33
2 - 28% - 30% - 13:27
3 - 21% - 20% - 9:54
4 - 19% - 10% - 8:59
Normal Defense
1 - 40% - 40% - 19:12
2 - 29% - 30% - 14:01
3 - 22% - 20% - 10:21
4 - 9% - 10% - 4:19
PP Forward
1 - 100% - 60% - 0:13
2 - 0% - 40% - 0:00
PP Defense
1 - 100% - 60% - 0:13
2 - 0% - 40% - 0:00
PK Forward
1 - 77% - 60% - 7:46
2 - 23% - 40% - 2:22
PK Defense
1 - 64% - 60% - 6:30
2 - 36% - 40% - 3:38
PK3 Forward
1 - 0% - 60%
2 - 0% - 40%
PK3 Defense
1 - 0% - 60%
2 - 0% - 40%
44 Forward
1 - 72% - 60% - 1:16
2 - 28% - 40% - 0:30
44 Defense
1 - 60% - 60% - 1:04
2 - 40% - 40% - 0:42
Last Minute Offensive - 0:00
Last Minute Defensive - 0:00
Total
Forward - 60:00
Defense - 60:00
|
% Time on Ice - Devils
Lines # - Real PCT - Wanted PCT - Time Play
Normal Forward
1 - 32% - 36% - 15:07
2 - 25% - 28% - 12:04
3 - 22% - 18% - 10:22
4 - 22% - 18% - 10:20
Normal Defense
1 - 38% - 40% - 18:01
2 - 34% - 35% - 16:14
3 - 28% - 25% - 13:38
4 - 0% - 0% - 0:00
PP Forward
1 - 55% - 60% - 5:35
2 - 45% - 40% - 4:33
PP Defense
1 - 63% - 60% - 6:24
2 - 37% - 40% - 3:44
PK Forward
1 - 54% - 60% - 0:07
2 - 46% - 40% - 0:06
PK Defense
1 - 100% - 60% - 0:13
2 - 0% - 40% - 0:00
PK3 Forward
1 - 0% - 60%
2 - 0% - 40%
PK3 Defense
1 - 0% - 60%
2 - 0% - 40%
44 Forward
1 - 75% - 60% - 1:20
2 - 25% - 40% - 0:26
44 Defense
1 - 71% - 60% - 1:15
2 - 29% - 40% - 0:31
Last Minute Offensive - 0:00
Last Minute Defensive - 0:00
Total
Forward - 60:00
Defense - 60:00
|
Play-by-Play
1st period
0:01 of 1st period - Brett Seney wins face-off versus Nick Shore in neutral zone.
0:10 of 1st period - Wrist shot by Joonas Donskoi.
0:10 of 1st period - Stopped by Garret Sparks with a rebound.
0:12 of 1st period - Snap shot by Joonas Donskoi.
0:12 of 1st period - Shot Blocked by Alexandre Carrier.
0:14 of 1st period - Slapshot by Darren Dietz.
0:14 of 1st period - Shot Blocked by Nick Shore.
0:16 of 1st period - Snap shot by Darren Dietz.
0:16 of 1st period - Stopped by Garret Sparks without a rebound.
0:17 of 1st period - Alan Quine wins face-off versus Phil McRae in Condors zone.
0:44 of 1st period - Brett Lernout is hit by Reid Boucher and loses puck.
2:09 of 1st period - Brett Lernout is hit by Ilya Lyubushkin and loses puck.
2:22 of 1st period - Philippe Myers is hit by Marcus Bjork and loses puck.
2:55 of 1st period - Snap shot by Pontus Holmberg.
2:55 of 1st period - Shot Misses the Net.
3:03 of 1st period - Snap shot by Alan Quine.
3:03 of 1st period - Deflect By Ryan McLeod.
3:03 of 1st period - Shot Blocked by Gustav Olofsson.
3:03 of 1st period - Puck is out of play.
3:04 of 1st period - Reid Boucher wins face-off versus Phil McRae in Condors zone.
3:28 of 1st period - Icing by Reid Boucher.
3:29 of 1st period - Reid Boucher wins face-off versus Nick Shore in Devils zone.
3:38 of 1st period - Snap shot by Patrik Laine.
3:38 of 1st period - Stopped by Juuse Saros with a rebound.
3:40 of 1st period - Wrist shot by Patrik Laine.
3:40 of 1st period - Deflect By Adam Erne.
3:40 of 1st period - Shot Blocked by Joonas Donskoi.
3:40 of 1st period - Puck is out of play.
3:41 of 1st period - Brett Seney wins face-off versus Nick Shore in Devils zone.
4:06 of 1st period - Conor Garland is hit by Zac Leslie.
5:17 of 1st period - Snap shot by Brett Seney.
5:17 of 1st period - Shot Misses the Net.
5:29 of 1st period - Slapshot by Jason Robertson.
5:29 of 1st period - Stopped by Juuse Saros with a rebound.
5:31 of 1st period - Slapshot by Philippe Myers.
5:31 of 1st period - Deflect By Jason Robertson.
5:31 of 1st period - Shot Misses the Net.
5:31 of 1st period - Puck is out of play.
5:32 of 1st period - Alan Quine wins face-off versus Phil McRae in Devils zone.
5:45 of 1st period - Wrist shot by Jason Robertson.
5:45 of 1st period - Deflect By Alan Quine.
5:45 of 1st period - Goal by Jason Robertson - Condors : 1 - Devils : 0.
5:46 of 1st period - Brett Seney wins face-off versus Nick Shore in neutral zone.
6:32 of 1st period - Backhand shot by Jason Robertson.
6:32 of 1st period - Deflect By Connor Hurley.
6:32 of 1st period - Stopped by Juuse Saros without a rebound.
6:33 of 1st period - Alan Quine wins face-off versus Connor Hurley in Devils zone.
6:40 of 1st period - Wrist shot by Alan Quine.
6:40 of 1st period - Stopped by Garret Sparks without a rebound.
6:41 of 1st period - Nick Shore wins face-off versus Brett Seney in Condors zone.
6:54 of 1st period - Slapshot by Adam Erne.
6:54 of 1st period - Stopped by Juuse Saros with a rebound.
7:06 of 1st period - Cristiano Digiacinto is hit by Connor Hurley and loses puck.
7:29 of 1st period - Slapshot by Alan Quine.
7:29 of 1st period - Deflect By Conor Garland.
7:29 of 1st period - Shot Misses the Net.
7:29 of 1st period - Puck is out of play.
7:30 of 1st period - Phil McRae wins face-off versus Alan Quine in Condors zone.
7:35 of 1st period - Alan Quine is hit by Phil McRae and loses puck.
7:44 of 1st period - Snap shot by Conor Garland.
7:44 of 1st period - Deflect By Alan Quine.
7:44 of 1st period - Shot Blocked by Phil McRae.
7:44 of 1st period - Puck is out of play.
7:45 of 1st period - Brett Seney wins face-off versus Nick Shore in Condors zone.
7:46 of 1st period - Wrist shot by Joonas Donskoi.
7:46 of 1st period - Shot Misses the Net.
7:48 of 1st period - Wrist shot by Brett Seney.
7:48 of 1st period - Deflect By Valeri Nichushkin.
7:48 of 1st period - Shot Misses the Net.
7:48 of 1st period - Puck is out of play.
7:49 of 1st period - Brett Seney wins face-off versus Patrik Laine in Condors zone.
7:56 of 1st period - Snap shot by Joonas Donskoi.
7:56 of 1st period - Shot Blocked by Brett Lernout.
7:58 of 1st period - Slapshot by Joonas Donskoi.
7:58 of 1st period - Deflect By Valeri Nichushkin.
7:58 of 1st period - Shot Misses the Net.
7:58 of 1st period - Puck is out of play.
7:59 of 1st period - Nick Shore wins face-off versus Brett Seney in Condors zone.
8:08 of 1st period - Snap shot by Patrik Laine.
8:08 of 1st period - Deflect By Adam Erne.
8:08 of 1st period - Shot Misses the Net.
8:08 of 1st period - Puck is out of play.
8:09 of 1st period - Nick Shore wins face-off versus Brett Seney in Devils zone.
8:10 of 1st period - Slapshot by Patrik Laine.
8:10 of 1st period - Stopped by Juuse Saros without a rebound.
8:11 of 1st period - Brett Howden wins face-off versus Nick Shore in Devils zone.
9:02 of 1st period - Snap shot by Nick Shore.
9:02 of 1st period - Stopped by Juuse Saros with a rebound.
9:38 of 1st period - Snap shot by Adam Erne.
9:38 of 1st period - Shot Blocked by Brett Seney.
10:08 of 1st period - Snap shot by Nick Shore.
10:08 of 1st period - Stopped by Juuse Saros without a rebound.
10:09 of 1st period - Reid Boucher wins face-off versus Phil McRae in Devils zone.
10:16 of 1st period - Snap shot by Jonny Brodzinski.
10:16 of 1st period - Stopped by Garret Sparks without a rebound.
10:17 of 1st period - Phil McRae wins face-off versus Alan Quine in Condors zone.
10:19 of 1st period - Minor Penalty to Phil McRae for Elbowing.
10:20 of 1st period - Alan Quine wins face-off versus Ryan McLeod in Condors zone.
10:32 of 1st period - Minor Penalty to Ilya Lyubushkin for Interference.
10:33 of 1st period - Brett Seney wins face-off versus Adam Erne in Devils zone.
10:40 of 1st period - Alexandre Carrier is hit by Valeri Nichushkin and loses puck.
11:16 of 1st period - Philippe Myers is hit by Darren Dietz and loses puck.
11:55 of 1st period - Wyatt Kalynuk is hit by Zac Leslie and loses puck.
12:19 of 1st period - Penalty to Phil McRae is over, Phil McRae is back on ice.
12:32 of 1st period - Penalty to Ilya Lyubushkin is over, Ilya Lyubushkin is back on ice.
12:37 of 1st period - Slapshot by Darren Dietz.
12:37 of 1st period - Stopped by Garret Sparks with a rebound.
12:39 of 1st period - Snap shot by Ilya Lyubushkin.
12:39 of 1st period - Stopped by Garret Sparks with a rebound.
12:41 of 1st period - Wrist shot by Ilya Lyubushkin.
12:41 of 1st period - Stopped by Garret Sparks with a rebound.
12:43 of 1st period - Slapshot by Wyatt Kalynuk.
12:43 of 1st period - Stopped by Garret Sparks without a rebound.
12:44 of 1st period - Ryan McLeod wins face-off versus Brett Howden in Condors zone.
14:12 of 1st period - Jonny Brodzinski is hit by Nick Shore and loses puck.
15:01 of 1st period - Snap shot by Alexandre Texier.
15:01 of 1st period - Shot Misses the Net.
15:03 of 1st period - Slapshot by Marcus Bjork.
15:03 of 1st period - Stopped by Garret Sparks without a rebound.
15:04 of 1st period - Ryan McLeod wins face-off versus Alan Quine in Condors zone.
15:33 of 1st period - Snap shot by Taro Hirose.
15:33 of 1st period - Stopped by Juuse Saros with a rebound.
15:37 of 1st period - Slapshot by Taro Hirose.
15:37 of 1st period - Stopped by Juuse Saros with a rebound.
15:39 of 1st period - Slapshot by Nikolai Knyzhov.
15:39 of 1st period - Shot Misses the Net.
15:41 of 1st period - Slapshot by Kiefer Sherwood.
15:41 of 1st period - Shot Blocked by Darren Dietz.
15:43 of 1st period - Wrist shot by Connor Hurley.
15:43 of 1st period - Stopped by Juuse Saros with a rebound.
15:55 of 1st period - Snap shot by Brett Seney.
15:55 of 1st period - Stopped by Garret Sparks without a rebound.
15:56 of 1st period - Phil McRae wins face-off versus Valeri Nichushkin in Condors zone.
16:05 of 1st period - Slapshot by Jason Robertson.
16:05 of 1st period - Shot Blocked by Wyatt Kalynuk.
16:07 of 1st period - Snap shot by Zac Leslie.
16:07 of 1st period - Shot Hit the Post.
16:09 of 1st period - Snap shot by Zac Leslie.
16:09 of 1st period - Shot Misses the Net.
16:11 of 1st period - Slapshot by Alexandre Carrier.
16:11 of 1st period - Shot Misses the Net.
16:13 of 1st period - Snap shot by Phil McRae.
16:13 of 1st period - Shot Misses the Net.
16:15 of 1st period - Slapshot by Alexandre Carrier.
16:15 of 1st period - Shot Hit the Post.
16:39 of 1st period - Snap shot by Jason Robertson.
16:39 of 1st period - Stopped by Juuse Saros with a rebound.
16:43 of 1st period - Snap shot by Kailer Yamamoto.
16:43 of 1st period - Deflect By Valeri Nichushkin.
16:43 of 1st period - Stopped by Juuse Saros with a rebound.
16:45 of 1st period - Snap shot by Alexandre Carrier.
16:45 of 1st period - Stopped by Juuse Saros without a rebound.
16:46 of 1st period - Alan Quine wins face-off versus Nick Shore in Devils zone.
16:51 of 1st period - Wrist shot by Alan Quine.
16:51 of 1st period - Stopped by Garret Sparks without a rebound.
16:52 of 1st period - Alan Quine wins face-off versus Nick Shore in Condors zone.
16:53 of 1st period - Snap shot by Conor Garland.
16:53 of 1st period - Shot Misses the Net.
18:44 of 1st period - Snap shot by Alan Quine.
18:44 of 1st period - Stopped by Garret Sparks with a rebound.
19:12 of 1st period - Snap shot by Pontus Holmberg.
19:12 of 1st period - Shot Blocked by Eeli Tolvanen.
19:14 of 1st period - Slapshot by Alexandre Carrier.
19:14 of 1st period - Stopped by Juuse Saros without a rebound.
19:15 of 1st period - Alan Quine wins face-off versus Nick Shore in Devils zone.
19:19 of 1st period - Minor Penalty to Adam Erne for Hooking.
19:20 of 1st period - Brett Seney wins face-off versus Ryan McLeod in Condors zone.
19:54 of 1st period - Slapshot by Conor Garland.
19:54 of 1st period - Shot Misses the Net.
19:56 of 1st period - Snap shot by Darren Dietz.
19:56 of 1st period - Shot Blocked by Alexandre Carrier.
Goals for this period are 1 for Condors vs 0 for Devils.
Shots for this period are 15 for Condors vs 12 for Devils.
2nd period
0:01 of 2nd period - Nick Shore wins face-off versus Brett Seney in neutral zone.
1:19 of 2nd period - Penalty to Adam Erne is over, Adam Erne is back on ice.
1:28 of 2nd period - Snap shot by Phil McRae.
1:28 of 2nd period - Shot Misses the Net.
1:59 of 2nd period - Ilya Lyubushkin is hit by Nick Shore and loses puck.
2:43 of 2nd period - Slapshot by Phil McRae.
2:43 of 2nd period - Stopped by Juuse Saros without a rebound.
2:44 of 2nd period - Phil McRae wins face-off versus Alan Quine in Devils zone.
2:47 of 2nd period - Slapshot by Kailer Yamamoto.
2:47 of 2nd period - Shot Misses the Net.
2:49 of 2nd period - Snap shot by Kailer Yamamoto.
2:49 of 2nd period - Shot Blocked by Christian Wolanin.
2:51 of 2nd period - Slapshot by Alexandre Carrier.
2:51 of 2nd period - Shot Misses the Net.
2:53 of 2nd period - Slapshot by Zac Leslie.
2:53 of 2nd period - Shot Misses the Net.
3:09 of 2nd period - Valeri Nichushkin is hit by Zac Leslie.
3:13 of 2nd period - Jake Bean is hit by Nick Shore.
3:17 of 2nd period - Snap shot by Nick Shore.
3:17 of 2nd period - Stopped by Juuse Saros with a rebound.
3:19 of 2nd period - Slapshot by Brett Lernout.
3:19 of 2nd period - Shot Blocked by Joonas Donskoi.
3:21 of 2nd period - Slapshot by Brett Lernout.
3:21 of 2nd period - Deflect By Jake Bean.
3:21 of 2nd period - Stopped by Juuse Saros with a rebound.
3:36 of 2nd period - Alexandre Texier is hit by Taro Hirose and loses puck.
3:55 of 2nd period - Slapshot by Reid Boucher.
3:55 of 2nd period - Stopped by Garret Sparks without a rebound.
3:56 of 2nd period - Ryan McLeod wins face-off versus Alan Quine in Condors zone.
4:03 of 2nd period - Slapshot by Ryan McLeod.
4:03 of 2nd period - Stopped by Juuse Saros with a rebound.
4:09 of 2nd period - Zac Leslie is hit by Marcus Bjork and loses puck.
4:18 of 2nd period - Minor Penalty to Cole Fonstad for Holding.
4:19 of 2nd period - Adam Erne wins face-off versus Brett Seney in Condors zone.
4:44 of 2nd period - Ilya Lyubushkin is hit by Alexandre Carrier and loses puck.
5:40 of 2nd period - Gustav Olofsson is hit by Jake Bean and loses puck.
5:55 of 2nd period - Ilya Lyubushkin is hit by Phil McRae and loses puck.
6:18 of 2nd period - Penalty to Cole Fonstad is over, Cole Fonstad is back on ice.
6:29 of 2nd period - Darren Dietz is hit by Taro Hirose.
6:49 of 2nd period - Cristiano Digiacinto is hit by Alexander Alexeyev and loses puck.
7:04 of 2nd period - Wrist shot by Jonny Brodzinski.
7:04 of 2nd period - Shot Blocked by Jason Robertson.
8:14 of 2nd period - Kiefer Sherwood is hit by Reid Boucher and loses puck.
8:33 of 2nd period - Wrist shot by Taro Hirose.
8:33 of 2nd period - Shot Blocked by Cristiano Digiacinto.
8:46 of 2nd period - Alexandre Carrier is hit by Cristiano Digiacinto and loses puck.
9:01 of 2nd period - Alexandre Carrier is hit by Jonny Brodzinski and loses puck.
9:18 of 2nd period - Wrist shot by Kiefer Sherwood.
9:18 of 2nd period - Stopped by Juuse Saros with a rebound.
9:24 of 2nd period - Slapshot by Darren Dietz.
9:24 of 2nd period - Deflect By Jonny Brodzinski.
9:24 of 2nd period - Stopped by Garret Sparks without a rebound.
9:25 of 2nd period - Brett Seney wins face-off versus Nick Shore in Condors zone.
9:26 of 2nd period - Snap shot by Valeri Nichushkin.
9:26 of 2nd period - Shot Misses the Net.
9:32 of 2nd period - Wrist shot by Brett Seney.
9:32 of 2nd period - Stopped by Garret Sparks with a rebound.
9:34 of 2nd period - Slapshot by Brett Seney.
9:34 of 2nd period - Stopped by Garret Sparks with a rebound.
9:38 of 2nd period - Snap shot by Brett Seney.
9:38 of 2nd period - Stopped by Garret Sparks with a rebound.
9:40 of 2nd period - Slapshot by Christian Wolanin.
9:40 of 2nd period - Stopped by Garret Sparks without a rebound.
9:41 of 2nd period - Alan Quine wins face-off versus Jason Robertson in Condors zone.
9:48 of 2nd period - Wrist shot by Alan Quine.
9:48 of 2nd period - Shot Blocked by Alexandre Carrier.
9:50 of 2nd period - Slapshot by Christian Wolanin.
9:50 of 2nd period - Shot Misses the Net.
9:52 of 2nd period - Slapshot by Alan Quine.
9:52 of 2nd period - Shot Blocked by Kailer Yamamoto.
9:54 of 2nd period - Slapshot by Jake Bean.
9:54 of 2nd period - Shot Misses the Net.
9:56 of 2nd period - Wrist shot by Alan Quine.
9:56 of 2nd period - Deflect By Conor Garland.
9:56 of 2nd period - Shot Blocked by Alexandre Carrier.
9:56 of 2nd period - Puck is out of play.
9:57 of 2nd period - Nick Shore wins face-off versus Joonas Donskoi in Condors zone.
10:02 of 2nd period - Snap shot by Adam Erne.
10:02 of 2nd period - Shot Misses the Net.
10:22 of 2nd period - Jason Robertson is hit by Conor Garland and loses puck.
10:45 of 2nd period - Off-side.
10:46 of 2nd period - Ryan McLeod wins face-off versus Brett Howden in neutral zone.
10:53 of 2nd period - Snap shot by Ryan McLeod.
10:53 of 2nd period - Stopped by Juuse Saros with a rebound.
11:03 of 2nd period - Snap shot by Pontus Holmberg.
11:03 of 2nd period - Stopped by Juuse Saros without a rebound.
11:04 of 2nd period - Brett Seney wins face-off versus Nick Shore in Devils zone.
11:36 of 2nd period - Slapshot by Zac Leslie.
11:36 of 2nd period - Deflect By Jason Robertson.
11:36 of 2nd period - Shot Blocked by Darren Dietz.
11:36 of 2nd period - Puck is out of play.
11:37 of 2nd period - Phil McRae wins face-off versus Brett Seney in Devils zone.
12:02 of 2nd period - Slapshot by Darren Dietz.
12:02 of 2nd period - Shot Misses the Net.
12:04 of 2nd period - Slapshot by Mason Marchment.
12:04 of 2nd period - Shot Misses the Net.
12:06 of 2nd period - Slapshot by Ilya Lyubushkin.
12:06 of 2nd period - Shot Misses the Net.
12:52 of 2nd period - Wrist shot by Joonas Donskoi.
12:52 of 2nd period - Shot Misses the Net.
13:16 of 2nd period - Slapshot by Alexandre Carrier.
13:16 of 2nd period - Stopped by Juuse Saros with a rebound.
13:26 of 2nd period - Slapshot by Alexandre Carrier.
13:26 of 2nd period - Deflect By Wyatt Kalynuk.
13:26 of 2nd period - Stopped by Juuse Saros with a rebound.
13:38 of 2nd period - Wrist shot by Pontus Holmberg.
13:38 of 2nd period - Shot Misses the Net.
13:40 of 2nd period - Snap shot by Cole Fonstad.
13:40 of 2nd period - Shot Hit the Post.
13:42 of 2nd period - Snap shot by Ryan McLeod.
13:42 of 2nd period - Stopped by Juuse Saros with a rebound.
13:44 of 2nd period - Backhand shot by Zac Leslie.
13:44 of 2nd period - Stopped by Juuse Saros without a rebound.
13:45 of 2nd period - Brett Seney wins face-off versus Nick Shore in Devils zone.
13:45 of 2nd period - Brett Seney is hit by Gustav Olofsson.
13:57 of 2nd period - Adam Erne is hit by Ilya Lyubushkin and loses puck.
14:04 of 2nd period - Nikolai Knyzhov is hit by Ilya Lyubushkin.
14:05 of 2nd period - Icing by Nikolai Knyzhov.
14:06 of 2nd period - Nick Shore wins face-off versus Alan Quine in Condors zone.
14:16 of 2nd period - Minor Penalty to Nick Shore for Hooking.
14:17 of 2nd period - Adam Erne wins face-off versus Brett Seney in Condors zone.
16:03 of 2nd period - Jason Robertson is hit by Conor Garland.
16:16 of 2nd period - Penalty to Nick Shore is over, Nick Shore is back on ice.
17:04 of 2nd period - Jason Robertson is hit by Jonny Brodzinski and loses puck.
19:35 of 2nd period - Wrist shot by Taro Hirose.
19:35 of 2nd period - Stopped by Juuse Saros with a rebound.
Goals for this period are 0 for Condors vs 0 for Devils.
Shots for this period are 12 for Condors vs 6 for Devils.
3rd period
0:01 of 3rd period - Nick Shore wins face-off versus Brett Seney in neutral zone.
0:30 of 3rd period - Snap shot by Conor Garland.
0:30 of 3rd period - Shot Misses the Net.
0:55 of 3rd period - Philippe Myers is hit by Ilya Lyubushkin and loses puck.
1:06 of 3rd period - Snap shot by Alexandre Texier.
1:06 of 3rd period - Deflect By Eeli Tolvanen.
1:06 of 3rd period - Shot Misses the Net.
1:06 of 3rd period - Puck is out of play.
1:07 of 3rd period - Brett Seney wins face-off versus Nick Shore in Condors zone.
1:08 of 3rd period - Snap shot by Joonas Donskoi.
1:08 of 3rd period - Stopped by Garret Sparks with a rebound.
1:39 of 3rd period - Off-side.
1:40 of 3rd period - Phil McRae wins face-off versus Alan Quine in neutral zone.
2:06 of 3rd period - Patrik Laine is hit by Joonas Donskoi and loses puck.
2:53 of 3rd period - Christian Wolanin is hit by Alexandre Carrier and loses puck.
3:42 of 3rd period - Wrist shot by Kailer Yamamoto.
3:42 of 3rd period - Stopped by Juuse Saros without a rebound.
3:43 of 3rd period - Phil McRae wins face-off versus Alan Quine in Devils zone.
3:46 of 3rd period - Slapshot by Kailer Yamamoto.
3:46 of 3rd period - Stopped by Juuse Saros with a rebound.
3:56 of 3rd period - Backhand shot by Kailer Yamamoto.
3:56 of 3rd period - Shot Misses the Net.
4:10 of 3rd period - Backhand shot by Brett Howden.
4:10 of 3rd period - Shot Blocked by Gustav Olofsson.
4:26 of 3rd period - Minor Penalty to Phil McRae for Slashing.
4:27 of 3rd period - Brett Seney wins face-off versus Adam Erne in Condors zone.
4:30 of 3rd period - Slapshot by Joonas Donskoi.
4:30 of 3rd period - Shot Blocked by Nick Shore.
5:02 of 3rd period - Snap shot by Alan Quine.
5:02 of 3rd period - Stopped by Garret Sparks without a rebound.
5:03 of 3rd period - Brett Seney wins face-off versus Ryan McLeod in Condors zone.
5:28 of 3rd period - Jason Robertson is hit by Conor Garland and loses puck.
6:26 of 3rd period - Penalty to Phil McRae is over, Phil McRae is back on ice.
6:31 of 3rd period - Taro Hirose is hit by Eeli Tolvanen and loses puck.
6:52 of 3rd period - Snap shot by Marcus Bjork.
6:52 of 3rd period - Stopped by Garret Sparks with a rebound.
6:54 of 3rd period - Snap shot by Reid Boucher.
6:54 of 3rd period - Stopped by Garret Sparks with a rebound.
6:56 of 3rd period - Snap shot by Wyatt Kalynuk.
6:56 of 3rd period - Shot Blocked by Phil McRae.
6:58 of 3rd period - Snap shot by Marcus Bjork.
6:58 of 3rd period - Stopped by Garret Sparks without a rebound.
6:59 of 3rd period - Nick Shore wins face-off versus Reid Boucher in Condors zone.
7:14 of 3rd period - Snap shot by Nick Shore.
7:14 of 3rd period - Shot Blocked by Jonny Brodzinski.
8:05 of 3rd period - Slapshot by Brett Lernout.
8:05 of 3rd period - Shot Misses the Net.
8:55 of 3rd period - Gustav Olofsson is hit by Reid Boucher.
9:15 of 3rd period - Christian Wolanin is hit by Jason Robertson and loses puck.
9:48 of 3rd period - Snap shot by Patrik Laine.
9:48 of 3rd period - Goal by Patrik Laine - Condors : 2 - Devils : 0.
9:49 of 3rd period - Nick Shore wins face-off versus Brett Seney in neutral zone.
9:56 of 3rd period - Snap shot by Nick Shore.
9:56 of 3rd period - Shot Blocked by Joonas Donskoi.
9:58 of 3rd period - Snap shot by Nick Shore.
9:58 of 3rd period - Goal by Nick Shore - Condors : 3 - Devils : 0.
9:59 of 3rd period - Nick Shore wins face-off versus Brett Seney in neutral zone.
10:45 of 3rd period - Jake Bean is hit by Alexandre Carrier and loses puck.
12:32 of 3rd period - Snap shot by Alexandre Texier.
12:32 of 3rd period - Stopped by Garret Sparks without a rebound.
12:33 of 3rd period - Nick Shore wins face-off versus Brett Seney in Condors zone.
12:44 of 3rd period - Snap shot by Brett Seney.
12:44 of 3rd period - Goal by Brett Seney - Condors : 3 - Devils : 1.
12:45 of 3rd period - Nick Shore wins face-off versus Brett Seney in neutral zone.
13:41 of 3rd period - Slapshot by Phil McRae.
13:41 of 3rd period - Stopped by Juuse Saros with a rebound.
14:28 of 3rd period - Slapshot by Patrik Laine.
14:28 of 3rd period - Stopped by Juuse Saros with a rebound.
14:30 of 3rd period - Slapshot by Nick Shore.
14:30 of 3rd period - Stopped by Juuse Saros without a rebound.
14:31 of 3rd period - Phil McRae wins face-off versus Alan Quine in Devils zone.
14:34 of 3rd period - Wrist shot by Phil McRae.
14:34 of 3rd period - Stopped by Juuse Saros with a rebound.
14:56 of 3rd period - Brett Lernout is hit by Marcus Bjork and loses puck.
15:33 of 3rd period - Minor Penalty to Zac Leslie for Hooking.
15:34 of 3rd period - Brett Seney wins face-off versus Adam Erne in Condors zone.
15:42 of 3rd period - Wrist shot by Joonas Donskoi.
15:42 of 3rd period - Deflect By Valeri Nichushkin.
15:42 of 3rd period - Stopped by Garret Sparks without a rebound.
15:43 of 3rd period - Brett Seney wins face-off versus Adam Erne in Condors zone.
15:57 of 3rd period - Off-side.
15:58 of 3rd period - Adam Erne wins face-off versus Brett Seney in neutral zone.
16:01 of 3rd period - Slapshot by Adam Erne.
16:01 of 3rd period - Goal by Adam Erne - Condors : 4 - Devils : 1.
16:02 of 3rd period - Adam Erne wins face-off versus Brett Seney in neutral zone.
16:42 of 3rd period - Slapshot by Philippe Myers.
16:42 of 3rd period - Stopped by Juuse Saros without a rebound.
16:43 of 3rd period - Joonas Donskoi wins face-off versus Adam Erne in Devils zone.
16:52 of 3rd period - Slapshot by Brett Seney.
16:52 of 3rd period - Shot Misses the Net.
17:30 of 3rd period - Slapshot by Christian Wolanin.
17:30 of 3rd period - Shot Blocked by Gustav Olofsson.
17:32 of 3rd period - Slapshot by Christian Wolanin.
17:32 of 3rd period - Deflect By Alan Quine.
17:32 of 3rd period - Stopped by Garret Sparks without a rebound.
17:33 of 3rd period - Penalty to Zac Leslie is over, Zac Leslie is back on ice.
17:33 of 3rd period - Phil McRae wins face-off versus Alan Quine in Condors zone.
17:42 of 3rd period - Conor Garland is hit by Zac Leslie and loses puck.
17:54 of 3rd period - Ilya Lyubushkin is hit by Zac Leslie and loses puck.
18:03 of 3rd period - Jason Robertson is hit by Conor Garland and loses puck.
18:04 of 3rd period - Jason Robertson from Condors is injured at 18:04 of 3rd period (Concussion).
18:05 of 3rd period - Brett Seney wins face-off versus Nick Shore in Condors zone.
18:12 of 3rd period - Snap shot by Valeri Nichushkin.
18:12 of 3rd period - Stopped by Garret Sparks without a rebound.
18:13 of 3rd period - Brett Seney wins face-off versus Nick Shore in Condors zone.
18:26 of 3rd period - Wrist shot by Adam Erne.
18:26 of 3rd period - Goal by Adam Erne - Condors : 5 - Devils : 1.
18:27 of 3rd period - Brett Seney wins face-off versus Adam Erne in neutral zone.
18:32 of 3rd period - Slapshot by Valeri Nichushkin.
18:32 of 3rd period - Shot Misses the Net.
19:13 of 3rd period - Slapshot by Darren Dietz.
19:13 of 3rd period - Shot Misses the Net.
19:19 of 3rd period - Wrist shot by Brett Howden.
19:19 of 3rd period - Shot Blocked by Brett Lernout.
19:21 of 3rd period - Wrist shot by Eeli Tolvanen.
19:21 of 3rd period - Shot Blocked by Philippe Myers.
19:23 of 3rd period - Wrist shot by Eeli Tolvanen.
19:23 of 3rd period - Shot Misses the Net.
19:25 of 3rd period - Wrist shot by Eeli Tolvanen.
19:25 of 3rd period - Goal by Eeli Tolvanen - Condors : 5 - Devils : 2.
19:26 of 3rd period - Brett Seney wins face-off versus Nick Shore in neutral zone.
19:31 of 3rd period - Slapshot by Jake Bean.
19:31 of 3rd period - Stopped by Garret Sparks without a rebound.
19:32 of 3rd period - Brett Seney wins face-off versus Nick Shore in Condors zone.
19:35 of 3rd period - Snap shot by Valeri Nichushkin.
19:35 of 3rd period - Stopped by Garret Sparks with a rebound.
19:37 of 3rd period - Backhand shot by Christian Wolanin.
19:37 of 3rd period - Stopped by Garret Sparks with a rebound.
19:39 of 3rd period - Snap shot by Valeri Nichushkin.
19:39 of 3rd period - Shot Misses the Net.
19:41 of 3rd period - Wrist shot by Brett Seney.
19:41 of 3rd period - Shot Misses the Net.
19:43 of 3rd period - Slapshot by Jake Bean.
19:43 of 3rd period - Stopped by Garret Sparks with a rebound.
Goals for this period are 4 for Condors vs 2 for Devils.
Shots for this period are 11 for Condors vs 15 for Devils.